 Dungeon Crawl Stone Soup version 0.29-a0-824-gd827844252 (webtiles) character file.

Game seed: 8445369383989978081

98 kevlar127 the Ruffian (level 4, -1/45 HPs)
             Began as a Troll Berserker on July 9, 2022.
             Was a Follower of Trog.
             Killed from afar by Sigmund (9 damage)
             ... with a puff of flame
             ... on level 2 of the Dungeon.
             The game lasted 00:01:55 (754 turns).

kevlar127 the Ruffian (Troll Berserker)              Turns: 754, Time: 00:01:55

Health: -1/45      AC:  4    Str: 27    XL:     4   Next: 43%
Magic:  3/3        EV: 10    Int:  3    God:    Trog [*.....]
Gold:   91         SH:  0    Dex:  9    Spells: 3/3 levels left

rFire   . . .      SeeInvis .     - Unarmed
rCold   . . .      Faith    .   (no shield)
rNeg    . . .      Spirit   .   a - +0 animal skin
rPois   .          Reflect  .   (helmet restricted)
rElec   .          Harm     .   (no cloak)
rCorr   .          Rampage  .   (gloves unavailable)
Will    .....                   (boots unavailable)
Stlth   +.........              (no amulet)
HPRegen 0.95/turn               (no ring)
MPRegen 0.08/turn               (no ring)

@: no status effects
A: large, unfitting armour, claws 3, regeneration 1, shaggy fur 1, tough skin 1
a: Renounce Religion, Berserk


You were on level 2 of the Dungeon.
You worshipped Trog.
Trog was aware of your devotion.
You visited 1 branch of the dungeon, and saw 2 of its levels.

You collected 91 gold pieces.

Inventory:

Armour
 a - a +0 animal skin (worn)
Scrolls
 e - a scroll of enchant weapon {unknown}
 f - a scroll of teleportation {unknown}
 g - 4 scrolls of identify {unknown}
 i - a scroll of poison {unknown}
Potions
 b - a potion of might {unknown}
 c - 2 potions of brilliance {unknown}
 d - 2 potions of flight {unknown}
 h - a potion of heal wounds {unknown}


   Skills:
 + Level 3.4 Fighting
 - Level 2.6 Dodging
 + Level 4.2 Unarmed Combat


You had 3 spell levels left.
You didn't know any spells.
Your spell library was empty.

Dungeon Overview and Level Annotations

Branches:
Dungeon (2/15)

Altars:

Annotations:
D:2 Sigmund


Innate Abilities, Weirdness & Mutations

You are too large for most types of armour.
You have claws for hands.
Your natural rate of healing is unusually fast.
You are covered in fur. (AC +1)
You have tough skin. (AC +1)


Message History

Trog accepts your kill.
The giant cockroach bites you but does no damage.
Something hits you!
You are too injured to fight recklessly!
You are too injured to fight recklessly!
You are too injured to fight recklessly!
You are too injured to fight recklessly!
Unknown command.
You are too injured to fight recklessly!
You are too injured to fight recklessly!
You are too injured to fight recklessly!
You are too injured to fight recklessly!
Unknown command.
You are too injured to fight recklessly!
You are too injured to fight recklessly!
Unknown command.
You claw the giant cockroach!
You kill the giant cockroach!
Trog accepts your kill.
You see here a giant cockroach corpse.
You are too injured to fight recklessly!
You are too injured to fight recklessly!
You start resting.
A kobold is nearby!
You start resting.
A kobold is nearby!
You hear some strange, mumbled words.
Something tries to affect you, but you resist.
You closely miss something. Something hits you!
* * * LOW HITPOINT WARNING * * *
You claw something!
Unknown command.
You scratch something. Something hits you.
* * * LOW HITPOINT WARNING * * *
The kobold barely misses you.
You barely miss the kobold. The kobold misses you.
You hear some strange, mumbled words.
A puff of flame appears from out of thin air!
The puff of flame hits you!
You die...

# .. #. .. . .. #.#.###
.. .#. #.#....####. #..
#.........$ #####.#
.......... #. ##.....###
......... #.##.. ##....
......K{## #.##.###.....
.......@.###.#..##......
.####..†........#.......
#.)†..[.#...........
##...........#.......
#......###...........
#..##.....#...##......
...# #####.#...###.....
..## #...)...#..... #.
###.......#...


You could see a kobold.

Vanquished Creatures
  Natasha (twice) (D:2)
  2 adders (D:2)
  A dart slug (D:1)
  3 ball pythons (D:1)
  A bat (D:1)
  2 endoplasms
  6 giant cockroaches
  A goblin (D:1)
  A hobgoblin (D:1)
  2 kobolds (D:1)
  A quokka (D:1)
  2 frilled lizards
  5 rats
29 creatures vanquished.

Vanquished Creatures (others)
  A bat (D:2)
1 creature vanquished.

Grand Total: 30 creatures vanquished

Notes
Turn   | Place    | Note
-------+----------+-------------------------------------------
     0 | D:1      | kevlar127 the Troll Berserker began the quest for the Orb.
     0 | D:1      | Reached XP level 1. HP: 22/22 MP: 0/0
   324 | D:1      | Reached XP level 2. HP: 29/29 MP: 1/1
   582 | D:2      | Noticed Natasha
   582 | D:2      | Found a faded altar of an unknown god.
   593 | D:2      | Killed Natasha
   594 | D:2      | Reached XP level 3. HP: 23/37 MP: 2/2
   693 | D:2      | Reached skill level 4 in Unarmed Combat
   695 | D:2      | Reached XP level 4. HP: 34/45 MP: 3/3
   734 | D:2      | Noticed Natasha
   737 | D:2      | Noticed Sigmund
   744 | D:2      | Killed Natasha
   754 | D:2      | Killed from afar by Sigmund

Illustrated notes

Levels and vault maps discovered:
D:1:      onia_arrival_pyramid, layout_loops_cross, minmay_tetromino_i4
D:2:      layout_rooms, chequers_ecumenical_altar_simple, uniq_sigmund,
          uniq_natasha, uniq_robin

Skill      XL: |  1  2  3 |
---------------+----------+-----
Fighting       | 3 |  3.4
Unarmed Combat | 4 |  4.2
Dodging        | |  2.6

Action                   |  1- 3 |  4- 6 || total
-------------------------+-------+-------++-------
Melee: Unarmed           |    83 |    17 ||   100
       Punch             |     1 |       ||     1
Invok: Berserk           |     1 |       ||     1
Armor: Animal skin       |    28 |     9 ||    37
Dodge: Dodged            |    45 |    11 ||    56

Table legend: (Time is in decaauts)
 A = Elapsed time spent in this place.
 B = Non-inter-level travel time spent in this place.
 C = Inter-level travel time spent in this place.
 D = Time resting spent in this place.
 E = Time spent auto-exploring this place.
 F = Levels seen in this place.
 G = Mean time per level.
                   A        B        C        D        E       F      G
               +--------+--------+--------+--------+--------+-----+--------+
         Total |    767 |    767 |      0 |     34 |    542 |   2 |  383.5 |
       Dungeon |    767 |    767 |      0 |     34 |    542 |   2 |  383.5 |
               +--------+--------+--------+--------+--------+-----+--------+

Top non-repeatable levels by time:
     D:1: 579 daAuts
     D:2: 188 daAuts
